 Dungeon Crawl Stone Soup version 0.29.0-15-g675c0067aa (webtiles) character file.

Game seed: 16322048955384102352

295190 blackman the Demonic Catastrophe (level 20, -2/174 HPs)
             Began as a Demonspawn Necromancer on Sept 11, 2022.
             Was an Elder of Qazlal.
             Slain by an orc knight
             ... wielding a +0 battleaxe
              (19 damage)
             ... on level 4 of the Vaults.
             The game lasted 02:24:49 (72606 turns).

blackman the Demonic Catastrophe (DsNe)            Turns: 72606, Time: 02:24:49

Health: -2/174     AC: 42    Str: 20    XL:     20   Next: 5%
Magic:  22/34      EV:  0    Int: 20    God:    Qazlal [****..]
Gold:   1666       SH: 36    Dex: 12    Spells: 19/23 levels left

rFire   + . .      SeeInvis .   A - +11 morningstar of the Gloaming {vorpal, rElec rN+ Dex-2}
rCold   + . .      Faith    +   X - +18 shield of the Gong {rElec rN+ Will+ EV-5}
rNeg    + + .      Spirit   .   Q - +9 crystal plate armour
rPois   +          Reflect  .   I - +0 helmet
rElec   +          Harm     .   s - scarf {rC+ rF+}
rCorr   .          Rampage  .   (no gloves)
Will    +++..                   D - +0 pair of boots
Stlth   ..........              v - amulet of faith
HPRegen 0.39/turn               Z - ring of willpower
MPRegen 0.48/turn               L - +6 ring of strength

@: frozen, protected from physical damage, repel missiles, very slow
A: hooves 2, slimy green scales 3, foul stench 2, magic regeneration
}: 2/15 runes: decaying, serpentine
a: Renounce Religion, Upheaval, Elemental Force


You were on level 4 of the Vaults.
You worshipped Qazlal.
Qazlal was greatly pleased with you.
You visited 9 branches of the dungeon, and saw 37 of its levels.
You also visited: Ice Cave.

You collected 3034 gold pieces.
You spent 1368 gold pieces at shops.

Inventory:

Hand Weapons
 a - a +1 halberd of venom
 A - the +11 morningstar of the Gloaming (weapon) {vorpal, rElec rN+ Dex-2}
   (You found it on level 8 of the Dungeon)

   It inflicts extra damage upon your enemies.
   Dex:       It affects your dexterity (-2).
   rElec:     It insulates you from electricity.
   rN:        It protects you from negative energy.
 S - a +3 demon whip of freezing
Missiles
 m - 63 poisoned darts
Armour
 s - a scarf of resistance (worn)
 t - a +0 crystal plate armour of cold resistance
 z - a +2 cloak of poison resistance
 D - a +0 pair of boots (worn)
 I - a +0 helmet (worn)
 Q - a +9 crystal plate armour (worn)
 X - the +18 shield of the Gong (worn) {rElec rN+ Will+ EV-5}
   (You bought it in a shop on level 3 of the Dungeon)

   It is deafeningly noisy when blocking attacks.
   EV:        It affects your evasion (-5).
   rElec:     It insulates you from electricity.
   rN:        It protects you from negative energy.
   Will:      It increases your willpower.
Jewellery
 n - a ring of resist corrosion
 p - a ring of protection from cold
 v - an amulet of faith (around neck)
 L - a +6 ring of strength (right hand)
 Z - a ring of willpower (left hand)
Wands
 f - a wand of flame (58) (quivered)
 o - a wand of light (3)
 B - a wand of iceblast (25)
 C - a wand of digging (7)
 M - a wand of charming (19)
 O - a wand of mindburst (19)
Scrolls
 b - 2 scrolls of magic mapping
 e - 6 scrolls of enchant weapon
 q - 2 scrolls of poison
 w - 7 scrolls of fear
 y - 13 scrolls of teleportation
 E - 9 scrolls of identify
 G - 6 scrolls of amnesia
 H - 6 scrolls of immolation
 R - 3 scrolls of brand weapon
 T - 5 scrolls of butterflies
 W - 4 scrolls of summoning
 Y - 2 scrolls of silence
Potions
 d - 4 potions of attraction
 g - 5 potions of flight
 h - 2 potions of berserk rage
 i - 2 potions of cancellation
 j - 2 potions of invisibility
 k - 11 potions of curing
 l - 3 potions of ambrosia
 u - 8 potions of mutation {unknown}
 F - 4 potions of haste
 J - 4 potions of might
 K - 6 potions of magic
 N - 2 potions of brilliance
 P - 2 potions of lignification
 U - 3 potions of resistance
Miscellaneous
 c - a phial of floods
 x - a lightning rod (4/4)
 V - a tin of tremorstones (2/2)


   Skills:
 - Level 19.0 Fighting
 * Level 15.7 Maces & Flails
 - Level 6.4 Polearms
 - Level 14.8 Armour
 - Level 1.7 Dodging
 - Level 1.7 Stealth
 - Level 14.5 Shields
 - Level 2.0 Spellcasting
 - Level 8.0 Necromancy
 - Level 20.8 Invocations


You had 19 spell levels left.
You knew the following spells:

 Your Spells              Type           Power      Damage    Failure   Level
a - Necrotise             Necr           100%       1d9       50%         1
b - Vampiric Draining     Necr           34%        2d8       86%         3

Your spell library contained the following spells:

 Spells                   Type           Power      Damage    Failure   Level
 Sublimation of Blood     Necr           34%        N/A       65%         2
 Animate Dead             Necr           34%        N/A       99%         4
 Dispel Undead            Necr           34%        3d15      99%         4
 Apportation              Tloc           4%         N/A       100%        1
 Magic Dart               Conj           8%         1d3       100%        1
 Shock                    Conj/Air       8%         1d3       100%        1
 Sting                    Tmut/Pois      8%         1d3       100%        1
 Summon Small Mammal      Summ           8%         N/A       100%        1
 Blink                    Tloc           4%         N/A       100%        2
 Call Imp                 Summ           2%         N/A       100%        2
 Poisonous Vapours        Pois/Air       4%         N/A       100%        2
 Wereblood                Tmut           2%         N/A       100%        2
 Call Canine Familiar     Summ           2%         N/A       100%        3
 Mephitic Cloud           Conj/Pois/Air  2%         N/A       100%        3
 Portal Projectile        Hex/Tloc       4%         N/A       100%        3
 Summon Guardian Golem    Hex/Summ       2%         N/A       100%        3
 Swiftness                Air            2%         N/A       100%        3
 Tukima's Dance           Hex            2%         N/A       100%        3
 Airstrike                Air            1%         2d(1-17)  100%        4
 Corpse Rot               Necr/Pois/Air  12%        N/A       100%        4
 Hailstorm                Conj/Ice       2%         3d3       100%        4
 Ice Form                 Ice/Tmut       2%         N/A       100%        4
 Leda's Liquefaction      Hex/Erth       1%         N/A       100%        4
 Olgreb's Toxic Radiance  Pois           2%         N/A       100%        4
 Passage of Golubria      Tloc           2%         N/A       100%        4
 Agony                    Necr           34%        N/A       100%        5
 Alistair's Intoxication  Tmut/Pois      1%         N/A       100%        5
 Blade Hands              Tmut           1%         N/A       100%        5
 Fireball                 Conj/Fire      1%         3d3       100%        5
 Lee's Rapid Deconstruct  Erth           1%         3d5*      100%        5
 Manifold Assault         Tloc           2%         N/A       100%        5
 Silence                  Hex/Air        1%         N/A       100%        5
 Death Channel            Necr           17%        N/A       100%        6
 Simulacrum               Ice/Necr       9%         N/A       100%        6
 Starburst                Conj/Fire      1%         6d3       100%        6
 Statue Form              Tmut/Erth      1%         N/A       100%        6
 Storm Form               Tmut/Air       1%         N/A       100%        7
 Summon Hydra             Summ           1%         N/A       100%        7
 Disjunction              Tloc           1%         N/A       100%        8
 Ignition                 Fire           1%         3d3       100%        8
 Lehudib's Crystal Spear  Conj/Erth      1%         10d2      100%        8


Dungeon Overview and Level Annotations

Branches:
Dungeon (15/15)            Temple (1/1) D:7            Lair (5/5) D:10
  Swamp (4/4) Lair:2        Snake (4/4) Lair:3        Slime (0/5) Lair:4
    Orc (2/2) D:10            Elf (1/3) Orc:2        Vaults (4/5) D:14
  Crypt (0/3) Vaults:3     Depths (1/4) D:15          IceCv (visited)

Altars:
Ashenzari
Cheibriados
Fedhas
Gozag
Hepliaklqana
Kikubaaqudgha
Makhleb
Okawaru
Qazlal
Ru
Sif Muna
Trog
Uskayaw
Vehumet
Wu Jian
Xom
Jiyva

Shops:
D:3 [[:*   D:5 ***   Orc:2 =:?!   Snake:1 :=:   Snake:2 [

Annotations:
D:14 exclusion: human
Lair:4 3 runed translucent doors, Fiha's ghost, journeyman VSTm
Orc:1 1 transporter, Keeluq's ghost, journeyman GrEE
Vaults:2 exclusion: orange crystal statue


Innate Abilities, Weirdness & Mutations

You have hoof-like feet.
You are completely covered in slimy green scales. (AC +4, rPois)
You sometimes emit foul miasma when damaged in melee.
You regenerate magic rapidly.


Message History

PTOANNNG!
You block the deep troll's attack.
PANG!
The orc knight is engulfed in blazing flames.
You block the orc warlord's attack.
PTOANNNG!
The orc knight is engulfed in dark miasma.
The orc knight looks even sicker.
The orc knight seems to slow down.
You block the orc knight's attack.
GONNNNG!
You hear a trumpeting!
You closely miss the orc knight.
The orc knight is moderately wounded.
You block the vault guard's attack.
PANG!
You block the deep troll's attack.
SHROANNG!
The deep troll claws you but does no damage. x2
The orc knight hits you but does no damage.
You block the orc knight's attack.
GONNNNG!
The orc warlord hits you but does no damage.
The ironbound frostheart calls freezing cold from the walls.
The frost grips you but does no damage.
You hear a shout!
You bludgeon the orc knight!!
The orc knight is severely wounded.
The orc knight is engulfed in dark miasma.
The orc knight looks even sicker.
The orc knight seems to slow down.
You block the orc knight's attack.
GONNNNG!
You block the deep troll's attack.
GONNNNG!
You block the deep troll's attack.
PTOANNNG!
The deep troll claws you but does no damage.
The orc knight hits you with a +0 broad axe!!
The orc warlord hits you with a +0 glaive!!!
* * * LOW HITPOINT WARNING * * *
The orc knight hits you with a +0 battleaxe!!
You die...

.....# p....# ....
##############+######
...§≈.≈≈.≈..§.......#
.≈..§.≈.≈≈≈≈≈≈......#
.§.§..≈p☼§..≈≈≈.....#
.§≈≈§≈§poT§§§≈≈.....#
..≈≈≈≈po@o°..≈≈.....#
########o######.....#
### #)# #.....# ##.##
#.# #.....#
##...###.# #.....#
##.....#.## #.....#
##.#..<..## #.....#
#.###...## #.....#
#.# ##.## #.....+


You could see an orc warlord (strong), a vault guard (strong), 3 orc knights, an
ironbound frostheart, a deep troll and an ironbound convoker.

Vanquished Creatures
  Jory (Vaults:3)
  Jorgrun (D:15)
  Frances (D:12)
  The ghost of hilljack the Imperceptible, an adept NaBr of Cheibriados (Swamp:3)
  A sphinx (Vaults:3)
  2 thorn hunters
  Roxanne (Swamp:3)
  5 nagarajas
  9 vault wardens
  A frost giant (Depths:1)
  Aizul (Snake:3)
  12 ironbound preservers
  A ghoul (Swamp:3)
  A stone giant (Vaults:3)
  2 ironbound thunderhulks
  7 very ugly things
  10 dire elephants (Vaults:2)
  5 eleionomae
  5 bunyips
  3 entropy weavers (Vaults:1)
  2 ettins
  A blizzard demon (IceCv)
  5 yaktaur captains
  Josephine (D:11)
  A shambling mangrove (Swamp:1)
  A fire dragon (Swamp:4)
  8 vault guards
  An ice dragon (D:15)
  6 boulder beetles
  2 great orbs of eyes
  13 hydras
  3 ghost crabs
  A spriggan air mage (Swamp:4)
  A salamander tyrant (Snake:1)
  A catoblepas (Lair:3)
  14 anacondas
  6 centaur warriors
  7 two-headed ogres
  9 ironbound frosthearts
  A merfolk avatar (Lair:5)
  12 naga warriors
  5 death yaks
  3 alligators
  2 deep troll earth magi (Depths:1)
  A tengu warrior (D:15)
  Urug (D:10)
  14 naga sharpshooters
  2 orc high priests
  9 shock serpents
  Nergalle (D:11)
  2 deep elf knights
  8 spriggans
  A death drake (Swamp:3)
  4 goliath frogs
  2 fire crabs (Swamp:4)
  5 salamander mystics
  6 sea snakes
  9 swamp dragons
  33 deep trolls
  5 wizards
  9 naga ritualists
  7 bog bodies
  3 spriggan druids
  An obsidian statue (IceCv)
  8 lindwurms
  12 ironbound convokers
  5 deep elf pyromancers
  5 harpies
  7 spriggan simulacra (IceCv)
  A deep elf archer (Elf:1)
  A sphinx zombie (Vaults:2)
  20 mana vipers
  5 orc knights
  2 necromancers (Vaults:2)
  19 ugly things
  2 deep elf zephyrmancers (Elf:1)
  3 will-o-the-wisps
  2 manticores
  5 cyclopes
  26 salamanders
  5 orc sorcerers
  15 elephants
  A human skeleton (Vaults:2)
  7 guardian serpents (Snake:4)
  7 vault sentinels
  47 black mambas
  13 cane toads
  10 naga magi
  2 unseen horrors
  3 anaconda simulacra (IceCv)
  A gargoyle (D:14)
  2 kobold demonologists
  7 freezing wraiths
  8 komodo dragons
  Maggie (Lair:1)
  An efreet (D:14)
  16 yaktaurs
  3 rime drakes
  A yaktaur skeleton (Vaults:2)
  2 tengu conjurers
  10 ice devils (IceCv)
  A tengu simulacrum (Vaults:2)
  7 trolls
  6 tyrant leeches
  4 polar bears
  A merfolk (D:15)
  A wind drake (Lair:5)
  8 hornets
  A tarantella (Vaults:1)
  A slime creature (shapeshifter) (D:15)
  A dream sheep (shapeshifter) (D:14)
  6 blink frogs
  26 slime creatures
  A water elemental (Elf:1)
  A spriggan (shapeshifter) (D:14)
  A vampire (D:11)
  4 wyverns
  4 wraiths
  2 shadows
  A dire elephant simulacrum (IceCv)
  58 yaks
  6 basilisks
  A fire elemental (Elf:1)
  A human (D:14)
  2 steam dragons
  4 vampire mosquitoes
  6 minotaur simulacra (IceCv)
  3 redbacks (Vaults:1)
  Menkaure (D:5)
  2 wargs
  3 harpy simulacra (IceCv)
  37 nagas
  13 swamp worms
  18 water moccasins
  A glowing shapeshifter skeleton (Vaults:2)
  A hydra simulacrum (IceCv)
  23 orc warriors
  5 swamp drakes
  A human zombie (Vaults:2)
  3 ice beasts (D:6)
  5 black bears
  A sky beast (D:6)
  2 alligator simulacra (IceCv)
  11 ogres
  9 wolves
  5 boggarts (Vaults:1)
  12 centaurs
  Blork the orc (D:5)
  4 kobold brigands
  A gnoll sergeant (D:7)
  3 necrophages
  11 bullfrogs
  6 deep troll simulacra (IceCv)
  3 scorpions
  A glowing shapeshifter simulacrum (Vaults:2)
  7 wights
  8 killer bees
  7 howler monkeys
  A lava snake (Swamp:4)
  4 hounds
  29 orc priests
  3 jellies
  A gnoll bouda (D:7)
  Crazy Yiuf (D:7)
  An iguana (D:5)
  24 orc wizards
  6 hell rats (Lair:3)
  10 gnolls
  10 adders
  A white imp (D:8)
  An ufetubus (D:5)
  A worm (D:3)
  A dart slug (D:5)
  43 orcs
  9 ball pythons
  A bat zombie (D:10)
  3 endoplasms
  6 giant cockroaches
  6 hobgoblins
  9 jackals
  6 quokkas
  8 bats
  4 frilled lizards
  8 goblins
  26 kobolds
  2 rats
  A briar patch (Swamp:4)
1173 creatures vanquished.

Vanquished Creatures (collateral kills)
  Louise (Swamp:2)
  A vault warden (Vaults:3)
  A ghoul (Swamp:3)
  A bunyip (Swamp:2)
  2 fire dragons (Swamp:4)
  A vault guard (Vaults:3)
  A hydra (Swamp:3)
  A great orb of eyes (Vaults:4)
  A swamp dragon (Swamp:4)
  A deep troll (Vaults:1)
  A wizard (Vaults:3)
  A lindwurm (Lair:5)
  An ironbound convoker (Vaults:1)
  A hornet (Swamp:2)
  A tyrant leech (Swamp:3)
  4 slime creatures
  2 spriggans (Swamp:2)
  A swamp worm (Swamp:4)
  A swamp drake (Swamp:4)
  A hound (D:5)
  An orc (D:6)
  A quokka (D:1)
  A ball python (D:1)
  A frilled lizard (D:1)
29 creatures vanquished.

Vanquished Creatures (others)
  Nikola (Swamp:3)
  A blizzard demon (IceCv)
  A hydra (Swamp:4)
  A swamp dragon (Swamp:4)
  3 bloated husks
  A hornet (Swamp:2)
  4 steam dragons (Swamp:4)
  A swamp worm (Swamp:3)
  6 swamp drakes (Swamp:4)
  An orc priest (Orc:2)
  2 briar patches (Swamp:4)
  A bush (Lair:3)
  19 foxfires
  27 fungi
  49 plants
118 creatures vanquished.

Grand Total: 1320 creatures vanquished

Notes
Turn   | Place    | Note
-------+----------+-------------------------------------------
     0 | D:1      | blackman the Demonspawn Necromancer began the quest for the
                  | Orb.
     0 | D:1      | Reached XP level 1. HP: 13/13 MP: 3/3
   473 | D:1      | Gained mutation: You have large cloven feet. [demonic
                  | ancestry]
   473 | D:1      | Reached XP level 2. HP: 19/19 MP: 3/5
   555 | D:1      | Reached skill level 5 in Necromancy
  1046 | D:1      | You fall into a shaft and drop 1 floor!
  1241 | D:2      | Reached XP level 3. HP: 23/24 MP: 1/6
  1305 | D:2      | Found a faded altar of an unknown god.
  2519 | D:3      | Found Coat's Antique Armour Shoppe.
  2522 | D:3      | Reached XP level 4. HP: 30/30 MP: 4/7
  2987 | D:3      | Identified the +4 ring mail "Boemua" {rPois Str+5}
  3251 | D:3      | Found Muufrerr's Assorted Antiques.
  3493 | D:3      | Found Kueracat's Book Shoppe.
  3545 | D:3      | Found Saemopif's Armour Boutique.
  3736 | D:4      | Learned a level 3 spell: Vampiric Draining
  3988 | D:4      | Reached XP level 5. HP: 35/35 MP: 3/8
  4504 | D:4      | Found a burning altar of Makhleb.
  5112 | D:5      | Entered Level 5 of the Dungeon
  5156 | D:5      | Gained mutation: You have hoof-like feet. [demonic
                  | ancestry]
  5156 | D:5      | Reached XP level 6. HP: 41/41 MP: 4/9
  5332 | D:5      | Found Lexa's Elemental Accessories.
  5353 | D:5      | Reached skill level 1 in Fighting
  5599 | D:5      | Found Niowol's Fire Supplies.
  5611 | D:5      | Noticed Menkaure
  5722 | D:5      | Noticed Blork the orc
  5747 | D:6      | Noticed an ice beast
  6216 | D:5      | Gained mutation: You are partially covered in slimy green
                  | scales. (AC +2) [demonic ancestry]
  6216 | D:5      | Reached XP level 7. HP: 50/53 MP: 10/10
  7319 | D:5      | Found an ornate altar of the Wu Jian Council.
  7320 | D:5      | Found a broken altar of Ashenzari.
  7383 | D:6      | Found an opulent altar of Gozag.
  7933 | D:6      | Reached skill level 5 in Fighting
  9367 | D:6      | Gained mutation: You are mostly covered in slimy green
                  | scales. (AC +3) [demonic ancestry]
  9367 | D:6      | Reached XP level 8. HP: 39/66 MP: 3/11
  9881 | D:6      | Found a shimmering blue altar of Sif Muna.
  9971 | D:6      | Reached skill level 1 in Armour
 12127 | D:7      | Found a staircase to the Ecumenical Temple.
 12180 | Temple   | Entered the Ecumenical Temple
 12186 | Temple   | Became a worshipper of Qazlal Stormbringer
 12322 | D:5      | Killed Blork the orc
 12323 | D:5      | Reached skill level 1 in Polearms
 12533 | D:5      | Killed Menkaure
 13048 | D:5      | Found Gemeh's Assorted Antiques.
 13100 | D:5      | Reached XP level 9. HP: 72/72 MP: 12/12
 13959 | D:6      | Reached skill level 5 in Polearms
 14449 | D:7      | Found a runed translucent door.
 14450 | D:7      | Noticed Crazy Yiuf
 15455 | D:7      | Killed Crazy Yiuf
 15567 | D:8      | Found a shimmering altar of Xom.
 15573 | D:8      | Identified the +11 morningstar of the Gloaming {vorpal,
                  | rElec rN+ Dex-2}
 15585 | D:8      | Reached skill level 1 in Maces & Flails
 15820 | D:8      | Reached * piety under Qazlal
 16616 | D:9      | Reached skill level 5 in Maces & Flails
 16625 | D:9      | Reached XP level 10. HP: 66/79 MP: 11/13
 16662 | D:8      | Reached ** piety under Qazlal
 17015 | D:9      | Noticed a two-headed ogre
 17347 | D:9      | Killed a two-headed ogre
 17615 | D:9      | Found an iron altar of Okawaru.
 17890 | D:10     | Entered Level 10 of the Dungeon
 17967 | D:10     | Reached *** piety under Qazlal
 18176 | D:10     | Reached skill level 10 in Maces & Flails
 18176 | D:10     | Reached XP level 11. HP: 60/84 MP: 5/14
 18953 | D:10     | Found a sacrificial altar of Ru.
 19249 | D:10     | Found a staircase to the Lair.
 19412 | D:10     | Found an ancient bone altar of Kikubaaqudgha.
 19439 | D:10     | Noticed Urug
 19440 | D:10     | Reached skill level 1 in Invocations
 19446 | D:10     | Killed Urug
 19447 | D:10     | Reached skill level 3 in Invocations
 19918 | D:10     | Found a staircase to the Orcish Mines.
 19942 | D:10     | Noticed a sun demon
 19943 | D:10     | Reached skill level 4 in Invocations
 20382 | Orc:1    | Entered Level 1 of the Orcish Mines
 20383 | Orc:1    | Noticed an orc high priest
 20648 | Lair:1   | Entered Level 1 of the Lair of Beasts
 20648 | Lair:1   | Noticed Maggie
 20654 | Lair:1   | Killed Maggie
 20655 | Lair:1   | Reached skill level 5 in Invocations
 21112 | Lair:1   | Reached skill level 6 in Invocations
 21167 | Lair:1   | Found the +8 trident of the Octopus King {venom, rElec
                  | rPois}
 21327 | Lair:1   | Reached skill level 7 in Invocations
 21458 | Lair:1   | Reached skill level 8 in Invocations
 21605 | Lair:1   | Reached skill level 9 in Invocations
 21795 | Lair:1   | Reached skill level 10 in Invocations
 22246 | Lair:2   | Found a staircase to the Swamp.
 22247 | Lair:2   | Noticed a bog body
 22247 | Lair:2   | Noticed a bog body
 22265 | Lair:2   | Killed a bog body
 22269 | Lair:2   | Killed a bog body
 22270 | Lair:2   | Reached XP level 12. HP: 62/91 MP: 13/20
 22432 | Lair:2   | Reached skill level 11 in Invocations
 22464 | Lair:2   | Noticed a death yak
 22465 | Lair:2   | Noticed a death yak
 22466 | Lair:2   | Noticed a death yak
 22472 | Lair:2   | Noticed a death yak
 22474 | Lair:2   | Noticed a death yak
 22480 | Lair:1   | Killed a death yak
 22856 | Lair:2   | Reached skill level 12 in Invocations
 22913 | Lair:1   | Killed a death yak
 23311 | Lair:1   | Killed a death yak
 23312 | Lair:1   | Reached skill level 13 in Invocations
 23519 | Lair:1   | Killed a death yak
 23656 | Lair:2   | Killed a death yak
 23657 | Lair:2   | Reached skill level 14 in Invocations
 24286 | Lair:2   | Reached skill level 1 in Shields
 24719 | Lair:3   | Noticed a catoblepas
 25194 | Lair:3   | Killed a catoblepas
 25195 | Lair:3   | Reached skill level 5 in Shields
 26214 | Lair:3   | Found a staircase to the Snake Pit.
 26321 | Lair:3   | Reached XP level 13. HP: 86/96 MP: 23/23
 26470 | Lair:3   | Reached **** piety under Qazlal
 26924 | Lair:4   | Found a viscous altar of Jiyva.
 26924 | Lair:4   | Found a staircase to the Slime Pits.
 27644 | Lair:4   | Found a runed translucent gate.
 27809 | Lair:4   | Found a runed translucent gate.
 27809 | Lair:4   | Found a runed translucent gate.
 27809 | Lair:4   | Noticed an azure jelly
 27809 | Lair:4   | Noticed an acid blob
 27810 | Lair:4   | Noticed a rockslime
 27810 | Lair:4   | Noticed an azure jelly
 27811 | Lair:4   | Noticed an azure jelly
 27811 | Lair:4   | Noticed Fiha's ghost (journeyman VSTm)
 27811 | Lair:4   | Noticed an acid blob
 27812 | Lair:4   | Noticed an azure jelly
 28149 | Lair:4   | Found a viscous altar of Jiyva.
 28160 | Lair:5   | Entered Level 5 of the Lair of Beasts
 28474 | Lair:5   | Reached skill level 5 in Armour
 29748 | Lair:5   | Reached ***** piety under Qazlal
 31300 | D:10     | Reached skill level 10 in Armour
 31922 | Orc:1    | Gained mutation: You are completely covered in slimy green
                  | scales. (AC +4, rPois) [demonic ancestry]
 31922 | Orc:1    | Reached XP level 14. HP: 87/103 MP: 24/24
 32431 | Orc:1    | Found a transporter.
 32434 | Orc:1    | Found a transporter.
 32434 | Orc:1    | Noticed Keeluq's ghost (journeyman GrEE)
 32435 | Orc:1    | Identified the +7 giant club "Worm" {speed, rC+}
 33092 | Orc:2    | Entered Level 2 of the Orcish Mines
 34425 | Orc:2    | Found a staircase to the Elven Halls.
 34442 | Orc:2    | Paralysed by an orc sorcerer for 2 turns
 34812 | D:3      | Bought the +18 shield of the Gong {rElec rN+ Will+ EV-5}
                  | for 1264 gold pieces
 34812 | D:3      | Found the +18 shield of the Gong {rElec rN+ Will+ EV-5}
 35294 | Orc:2    | Paralysed by an orc sorcerer for 3 turns
 36266 | Orc:2    | Found Wanneoga's Jewellery Shoppe.
 36266 | Orc:2    | Found Petewn's Magic Scroll Emporium.
 36267 | Orc:2    | Found Moguqyts's Distillery.
 36271 | Orc:2    | Found Becriabu's Book Shoppe.
 36277 | Orc:2    | Bought a scroll of silence for 104 gold pieces
 36503 | Elf:1    | Entered Level 1 of the Elven Halls
 36865 | D:11     | Noticed Josephine
 36876 | D:11     | Killed Josephine
 37180 | D:11     | Reached skill level 10 in Shields
 37905 | D:12     | Noticed Nergalle
 37987 | D:11     | Killed Nergalle
 38030 | D:12     | Noticed Frances
 38239 | D:12     | Killed Frances
 39820 | D:13     | Reached XP level 15. HP: 90/115 MP: 25/25
 39827 | D:13     | Reached skill level 10 in Fighting
 40446 | Snake:1  | Entered Level 1 of the Snake Pit
 40482 | Snake:1  | Identified the +8 short sword of the Hundredfold Allies
                  | {vorpal, rC++ rCorr Int+3 Dex-5}
 41066 | Snake:1  | Identified the +8 scimitar "Pendulum" {vorpal, +Blink Int-2
                  | Stlth+}
 41834 | Snake:1  | Found a transporter.
 42043 | Snake:1  | Found a transporter.
 42218 | Snake:1  | Found Fipaurum's Book Shop.
 42218 | Snake:1  | Found Godo's Jewellery Shoppe.
 42219 | Snake:1  | Found Unoum's Book Shop.
 43008 | Snake:2  | You fall into a shaft and drop 1 floor!
 43008 | Snake:3  | Noticed Aizul
 43022 | Snake:3  | Killed Aizul
 43038 | Snake:2  | Found Yruneff's Antique Armour Boutique.
 43376 | Snake:3  | Got the Guidebook on the Voyage
 44472 | Snake:4  | Entered Level 4 of the Snake Pit
 44472 | Snake:4  | Noticed a nagaraja
 44707 | Snake:4  | Gained mutation: You may rarely emit foul miasma when
                  | damaged in melee. [demonic ancestry]
 44707 | Snake:4  | Reached XP level 16. HP: 75/129 MP: 22/26
 45527 | Snake:4  | Identified the +0 ring mail "Caxutoal" {Will++ Str-2
                  | Stlth+}
 48349 | Snake:4  | Got a serpentine rune of Zot
 50549 | Snake:2  | Reached skill level 15 in Invocations
 50573 | Snake:2  | Reached XP level 17. HP: 131/140 MP: 28/28
 52396 | D:14     | Reached skill level 16 in Invocations
 53210 | D:14     | Found a blossoming altar of Fedhas.
 53336 | D:14     | Reached skill level 17 in Invocations
 53336 | D:14     | Found a gate to the Vaults.
 53534 | D:15     | Entered Level 15 of the Dungeon
 53575 | D:15     | Noticed Jorgrun
 53599 | D:15     | Killed Jorgrun
 54024 | D:15     | Found a frozen archway.
 54128 | IceCv    | Entered an ice cave
 54289 | IceCv    | Reached skill level 18 in Invocations
 54393 | IceCv    | Identified the +9 great sword "Iraini" {vorpal, rF++ Str-5
                  | Dex+5}
 54996 | IceCv    | Reached ****** piety under Qazlal
 55003 | IceCv    | Reached skill level 19 in Invocations
 55586 | D:15     | Found a staircase to the Depths.
 55893 | Depths:1 | Entered Level 1 of the Depths
 56421 | Vaults:1 | Entered Level 1 of the Vaults
 56526 | Vaults:1 | Reached skill level 20 in Invocations
 57656 | Vaults:1 | HP: 6/140 [poisoned by a green very ugly thing]
 57662 | Vaults:1 | Reached skill level 15 in Fighting
 57670 | Vaults:1 | Gained mutation: You regenerate magic rapidly. [demonic
                  | ancestry]
 57670 | Vaults:1 | Reached XP level 18. HP: 38/149 MP: 30/32
 58924 | Swamp:1  | Entered Level 1 of the Swamp
 62249 | Swamp:2  | Noticed Louise
 62272 | Swamp:2  | Killed Louise
 62589 | Swamp:2  | Found a hide-covered altar of Uskayaw.
 63125 | Swamp:3  | Noticed Roxanne
 63137 | Swamp:3  | Killed Roxanne
 63609 | Swamp:3  | Noticed Nikola
 63624 | Swamp:3  | Killed Nikola
 63839 | Swamp:3  | Noticed hilljack's ghost (adept NaBr)
 63844 | Swamp:3  | Found a runed translucent door.
 64206 | Swamp:4  | Entered Level 4 of the Swamp
 64334 | Swamp:3  | Killed hilljack's ghost
 66666 | Swamp:4  | Got a decaying rune of Zot
 67204 | Vaults:1 | Reached XP level 19. HP: 156/166 MP: 33/33
 71641 | Vaults:3 | Noticed Jory
 71651 | Vaults:3 | Killed Jory
 71879 | Vaults:3 | Reached skill level 15 in Maces & Flails
 72147 | Vaults:3 | Found a staircase to the Crypt.
 72591 | Vaults:4 | Gained mutation: You sometimes emit foul miasma when
                  | damaged in melee. [demonic ancestry]
 72591 | Vaults:4 | Reached XP level 20. HP: 162/174 MP: 23/34
 72606 | Vaults:4 | Slain by an orc knight

Illustrated notes

Levels and vault maps discovered:
D:1:      dpeg_arrival_shelter, layout_basic, st_stairs_2
D:2:      layout_loops_corners, dreamdust_ecumenical_altar_grove,
          grunt_ministairs_10, minmay_misc_feat_encased
D:3:      layout_rooms, serial_shops, nicolae_diamond_shop,
          nicolae_lakefront_shop, shop,
          nicolae_shop_temple_entry_statues_fountains
D:4:      layout_gridville, lightli_temple_of_fire, zin_academy
D:5:      layout_loops_ring, amethyst_overflow_temple_binary, serial_shops,
          shop, st_stairs_10, nicolae_shop_fire_sale [nicolae_sub_dead_trees],
          nicolae_elemental_shop, uniq_blork_the_orc, uniq_menkaure
D:6:      layout_gridville, kennysheep_orc_sif_temple,
          nicolae_gozag_cash_rules_everything_around_me
D:7:      layout_basic, minmay_temple_entry_poolview, uniq_crazy_yiuf_cottage
D:8:      layout_cave_pools, xom_butterflies
D:9:      layout_rooms, overflow_temple_1_default
D:10:     layout_layer_cave, kennysheep_mini_moat,
          lemuel_zombie_altar_kikubaaqudgha, david_lair_generic, orc_0_dummy,
          uniq_urug
D:11:     layout_rooms, uniq_josephine
D:12:     layout_long_grid, uniq_nergalle, uniq_frances
D:13:     layout_basic, kennysheep_dice
D:14:     layout_loops_ring, grunt_vaults_entry_fortified,
          corexii_hall_statues_i, fedhas_altar_2
D:15:     hangedman_depths_entry_try_elsewhere_first, layout_rooms,
          dreamdust_wishing_well, portal_ice_cave_entry_dragon, uniq_jorgrun
Temple:   nicolae_temple_ecumenical_triangle
Lair:1:   layout_long_grid, uniq_maggie
Lair:2:   layout_small_grid, skrybe_swamp_entry_bodies,
          chequers_serial_rivers_micro_b, serial_bayou_pond_a, st_stairs_8,
          grunt_megastairs_3, lemuel_fruit_tree
Lair:3:   layout_roguey, minmay_snake_entry_six_corridors,
          nicolae_quartered_pool_super, grunt_megastairs_2
Lair:4:   layout_cave_pods, slime_entry_1, gammafunk_ghost_ooze,
          infiniplex_staircase_pool_2, serial_bayou_shore_b
Lair:5:   gammafunk_lair_ancient_temple, layout_layer_cave, serial_rivers,
          chequers_serial_rivers_small_3, chequers_serial_rivers_room_b,
          chequers_serial_rivers_micro_a, chequers_serial_rivers_micro_a,
          chequers_serial_rivers_micro_e
Swamp:1:  layout_basic_swamp, evilmike_swamp_ruin_house_2
Swamp:2:  layout_basic_swamp, lemuel_altar_in_water, uniq_louise
Swamp:3:  layout_basic_swamp, hellmonk_ghost_happy_afterlife,
          evilmike_swamp_ruin_wall, uniq_nikola, uniq_roxanne
Swamp:4:  swamp_fiery, layout_basic_swamp
Snake:1:  gammafunk_the_bubble [the_bubble_gammafunk_grid], layout_cave_pods,
          st_stairs_1, nicolae_snake_double_loop, drop_trap,
          serial_bayou_shore_a, minmay_shop_grove
Snake:2:  layout_rooms, serial_shops, nicolae_take_the_stairs,
          nicolae_snake_guarding_the_ruins
Snake:3:  layout_honeycomb, uniq_aizul
Snake:4:  snake_pit_salamanders_mu, layout_chambers, nicolae_snake_shapes
Orc:1:    layout_caves, basic_altar, gammafunk_ghost_smash,
          nicolae_orc_lost_temple
Orc:2:    st_orc_mages, layout_caves
Elf:1:    layout_loops_cross, kennysheep_underground_church
Vaults:1: ontoclasm_vaults_hangar, v_misc_1, vaults_room_corners,
          nicolae_vaults_triangles, nicolae_vaults_little_squares_1,
          hangedman_vaults_snaps, ontoclasm_vaults_bender,
          hangedman_vaults_nodes, nicolae_vaults_puzzle_piece,
          nicolae_vaults_circle_grid_a, nicolae_vaults_back_hallway,
          nicolae_vaults_diagonal_hallway_6, nicolae_vaults_asterisk,
          layout_vaults_maze
Vaults:2: v_alt_pattern_4, v_rooms_2, vaults_room_ringed_pool, vaults_dpeg_ring,
          hangedman_vaults_corner_blocks, nicolae_vaults_network_periphery,
          dpeg_vaults_monster_box, v_misc_5, hangedman_vaults_trim,
          nicolae_vaults_statue_guard, vaults_dpeg_doors,
          nicolae_vaults_network_s, layout_vaults_omnibox
Vaults:3: ontoclasm_vaults_twist, vaults_mumra_hexcomb, v_misc_28,
          ontoclasm_vaults_tryst, v_alt_pattern_5, ontoclasm_vaults_spin,
          ontoclasm_vaults_decontamination, nicolae_vaults_little_squares_3,
          nicolae_vaults_little_squares_5, grunt_vaults_diagonal,
          layout_vaults_omnigrid, dummy_crypt_entry, uniq_jory
Vaults:4: ontoclasm_vaults_gateway, grunt_vaults_funnel,
          hangedman_vaults_slither, vaults_room_pool, v_misc_11,
          nicolae_vaults_alarming, st_diamondy, hangedman_vaults_stitches,
          v_misc_23, vaults_room_pool, ontoclasm_vaults_pinch,
          ontoclasm_vaults_loading_screen, layout_vaults_ring
Depths:1: layout_cave_pools, hangedman_geh_valley, grunt_pan_entry_zigzag,
          muffindrake_ghost_dead_mans_drink, serial_shops, shop,
          hangedman_abyss_or_decor_jellyfish_corner, nicolae_specific_store,
          chequers_serial_rivers_small_a, minmay_curled_crystal,
          lightli_fourway_metalbox, uniq_saint_roka

Skill      XL: |  1  2  3  4  5  6  7  8  9 10 11 12 13 14 15 16 17 18 19 |
---------------+----------------------------------------------------------+-----
Necromancy     | 5 6 7 8 |  8.0
Fighting       | 3 7 9 12 14 15 19 | 19.0
Armour         | 4 10 11 12 14 | 14.8
Polearms       | 3 6 |  6.4
Maces & Flails | 5 10 11 12 15 | 15.7
Invocations    | 10 14 15 20 | 20.8
Shields        | 6 8 10 11 13 14 | 14.5
Dodging        | |  1.7
Stealth        | |  1.7
Spellcasting   | |  2.0

Action                   |  1- 3 |  4- 6 |  7- 9 | 10-12 | 13-15 | 16-18 | 19-21 || total
-------------------------+-------+-------+-------+-------+-------+-------+-------++-------
Melee: Staff             |    25 |    52 |    40 |       |       |       |       ||   117
       Kick              |     5 |     7 |    28 |       |       |       |       ||    40
       Punch             |       |     2 |     1 |       |       |       |       ||     3
       Halberd           |       |       |   109 |       |       |       |       ||   109
       Morningstar       |       |       |    15 |   395 |  1197 |  1683 |   589 ||  3879
Throw: Boomerang         |       |    31 |    15 |       |       |       |       ||    46
       Dart              |       |     2 |       |     1 |       |       |       ||     3
       Throwing net      |       |       |       |     1 |       |       |       ||     1
 Cast: Necrotise         |    60 |   102 |    92 |    34 |     3 |       |       ||   291
       Vampiric Draining |       |     9 |    34 |    42 |    13 |       |       ||    98
Invok: Upheaval          |       |       |       |     9 |    34 |    18 |     6 ||    67
       Disaster Area     |       |       |       |       |       |     4 |     1 ||     5
       Elemental Force   |       |       |       |       |       |     7 |     5 ||    12
Evoke: Wand              |       |       |     3 |     1 |     2 |    19 |       ||    25
       Phial of floods   |       |       |       |       |       |     1 |       ||     1
  Use: Scroll            |       |     8 |     7 |     5 |    11 |    11 |     1 ||    43
       Potion            |       |     1 |     4 |     2 |     7 |    15 |       ||    29
 Stab: Held in net/web   |       |       |       |     1 |       |       |       ||     1
       Paralysed         |       |       |       |       |       |     3 |     6 ||     9
       Distracted        |       |       |       |       |       |       |     2 ||     2
Armor: Robe              |     8 |     1 |       |       |       |       |       ||     9
       Ring mail         |       |    79 |   174 |   198 |    50 |       |       ||   501
       Skin              |       |       |    14 |       |       |       |       ||    14
       Crystal plate arm |       |       |       |       |   602 |   951 |   243 ||  1796
Dodge: Dodged            |    32 |    81 |   154 |   168 |    62 |    24 |    13 ||   534
       Repelled          |       |       |       |       |     1 |     1 |       ||     2
Block: Kite shield       |       |       |     8 |   254 |  1564 |  2912 |   821 ||  5559
       Other             |       |       |     4 |       |       |       |       ||     4
